 Dungeon Crawl Stone Soup version 0.27-a0-819-g058290f16d (webtiles) character file.

Game seed: 6289375293023264556

419 jiml777 the Digger (level 6, -5/35 HPs)
             Began as a Gargoyle Earth Elementalist on Mar 30, 2021.
             Slain by Edmund
             ... wielding a +3 flail of protection
              (8 damage)
             ... on level 3 of the Dungeon.
             The game lasted 00:24:09 (4261 turns).

jiml777 the Digger (Gargoyle Earth Elementalist)    Turns: 4261, Time: 00:24:09

Health: -5/35      AC: 15    Str: 11    XL:     6   Next: 93%
Magic:  4/11       EV: 11    Int: 18    God:
Gold:   192        SH:  0    Dex: 10    Spells: 6/12 levels left

rFire    . . .     SeeInvis .   b - +2 dagger (flame)
rCold    . . .     Faith    .   (no shield)
rNeg     + . .     Spirit   .   q - +3 leather armour
rPois    ∞         Reflect  .   (no helmet)
rElec    +         Harm     .   t - +0 cloak
rCorr    .         Rampage  .   (no gloves)
Will     .....                  (no boots)
Stlth    ++........             (no amulet)
HPRegen  0.11/turn              r - +4 ring of protection
MPRegen  0.12/turn              (no ring)

@: mighty, hasted, very quick
A: AC +4, negative energy resistance 1, electricity resistance, torment
resistance 1, unbreathing 1, petrification resistance
a: no special abilities


You were on level 3 of the Dungeon.
You visited 1 branch of the dungeon, and saw 4 of its levels.

You collected 192 gold pieces.

Inventory:

Hand Weapons
 b - a +2 dagger of flaming (weapon)
 p - a +0 vampiric hand axe
Missiles
 f - 48 sling bullets
 h - 50 bolts
 k - 25 stones
 l - 15 poisoned darts
 n - 40 arrows
Armour
 c - a +0 robe
 q - a +3 leather armour (worn)
 t - a +0 cloak (worn)
Jewellery
 r - a +4 ring of protection (left hand)
Wands
 u - a wand of polymorph (8)
Scrolls
 d - 2 scrolls of teleportation {unknown}
 e - a scroll of noise {unknown}
 i - a scroll of fog {unknown}
 m - 2 scrolls of identify {unknown}
 o - a scroll of magic mapping {unknown}
 v - a scroll of vulnerability {unknown}
Potions
 g - a potion of resistance {unknown}
 j - a potion of haste
 s - a potion of might


   Skills:
 * Level 2.0 Fighting
 * Level 2.3 Short Blades
 * Level 2.3 Armour
 + Level 1.9 Dodging
 + Level 2.6 Stealth
 + Level 3.6 Spellcasting
 * Level 2.1 Conjurations
 + Level 0.7 Transmutations
 + Level 5.0 Earth Magic


You had 6 spell levels left.
You knew the following spells:

 Your Spells              Type           Power      Damage    Failure   Level
a - Sandblast             Erth           42%        2d11      2%          1
b - Stone Arrow           Conj/Erth      32%        3d9       14%         3
c - Passwall              Tmut/Erth      10%        N/A       10%         2

Your spell library contained the following spells:

 Spells                   Type           Power      Damage    Failure   Level
 Ensorcelled Hibernation  Hex/Ice        6%         N/A       30%         2
 Petrify                  Tmut/Erth      13%        N/A       52%         4
 Animate Armour           Summ/Erth      24%        N/A       56%         4
 Lee's Rapid Deconstruct  Erth           10%        3d9*      56%         5
 Borgnjor's Vile Clutch   Necr/Erth      6%         N/A       89%         5
 Silence                  Hex/Air        1%         N/A       99%         5
 Shadow Creatures         Summ           N/A        N/A       100%        6


Dungeon Overview and Level Annotations

Branches:
Dungeon (4/15)
 Temple: D:4-7

Altars:
Ashenzari
Qazlal

Annotations:
D:3 Edmund
D:4 Ijyb, Pikel


Innate Abilities, Weirdness & Mutations

Your stone body is resilient. (AC +4)
You are immune to poison.
You resist negative energy. (rN+)
You are resistant to electric shocks. (rElec)
You are resistant to unholy torment.
You can survive without breathing.
You are immune to petrification.


Message History

There is a stone staircase leading up here.
Edmund hits you with a +3 flail of protection.
You climb upwards.
There is a stone staircase leading down here.
You feel very mighty all of a sudden. Edmund barely misses you.
You hit Edmund. You burn Edmund.
Edmund is lightly wounded.
Edmund hits you with a +3 flail of protection!
* * * LOW HITPOINT WARNING * * *
You puncture Edmund! You burn Edmund.
Edmund is moderately wounded.
It was a potion of curing.
You feel better. Edmund hits you but does no damage.
You feel better.
Edmund hits you with a +3 flail of protection.
You hit Edmund but do no damage.
Edmund is moderately wounded.
Edmund barely misses you.
You closely miss Edmund.
Edmund is moderately wounded.
Edmund hits you with a +3 flail of protection.
You hit Edmund. You burn Edmund.
Edmund is moderately wounded.
Edmund hits you with a +3 flail of protection.
You barely miss Edmund.
Edmund is moderately wounded.
Edmund hits you with a +3 flail of protection!
* * * LOW HITPOINT WARNING * * *
Casting: Sandblast (safe; 2% risk of failure)
Confirm with . or Enter, or press ? or * to list all spells.
Aiming: Sandblast (safe; 2% risk of failure)
Press: ? - help, Shift-Dir - straight line, f - Edmund
Aim: Edmund, wielding a +3 flail of protection and wearing a +0 chain mail (moderately wounded, 14% to evade)
The blast of sand hits Edmund but does no damage.
Edmund is moderately wounded.
Edmund hits you with a +3 flail of protection.
* * * LOW HITPOINT WARNING * * *
It was a potion of haste.
You feel yourself speed up. Edmund misses you.
Edmund hits you with a +3 flail of protection!
You die...

#.# #)#
############.#
#.............
#.............
#...##########
#####...#.........
#.......#.........
#@###...#.........
#>@.....#.######'#
#####...#.+.......
#.....#.#.......
#.#...#.#.......
#.#...#.#.......
#.#...#.#.......
#.#...#.########
#.#...#.........


You could see Edmund.

Vanquished Creatures
  A necrophage (D:4)
  A scorpion (D:4)
  A water moccasin skeleton (D:4)
  A centaur skeleton (D:4)
  2 orc priests (D:3)
  Natasha (twice) (D:4)
  An adder (D:3)
  2 shadow imps (D:3)
  2 worms (D:2)
  3 dart slugs
  7 orcs
  3 endoplasms
  6 giant cockroaches
  5 goblins
  5 hobgoblins
  A kobold (D:2)
  8 ball pythons
  6 bats
  2 frilled lizards (D:1)
  7 rats
66 creatures vanquished.

Notes
Turn   | Place    | Note
-------+----------+-------------------------------------------
     0 | D:1      | jiml777 the Gargoyle Earth Elementalist began the quest for
                  | the Orb.
     0 | D:1      | Reached XP level 1. HP: 10/10 MP: 3/3
   160 | D:1      | Reached skill level 4 in Earth Magic
   160 | D:1      | Reached XP level 2. HP: 15/15 MP: 0/5
   873 | D:2      | Reached XP level 3. HP: 19/19 MP: 2/6
   982 | D:2      | Learned a level 3 spell: Stone Arrow
   985 | D:2      | Learned a level 2 spell: Passwall
  1913 | D:2      | Found a stormy altar of Qazlal.
  2161 | D:3      | Found a transporter.
  2186 | D:3      | Found a transporter.
  2394 | D:3      | Reached XP level 4. HP: 20/24 MP: 8/8
  2638 | D:3      | Reached skill level 1 in Armour
  2798 | D:3      | Found a broken altar of Ashenzari.
  2835 | D:3      | Reached skill level 1 in Short Blades
  3432 | D:3      | Reached skill level 1 in Conjurations
  3432 | D:3      | Reached XP level 5. HP: 25/28 MP: 5/9
  3545 | D:4      | Reached skill level 1 in Fighting
  3560 | D:4      | Noticed a necrophage
  3577 | D:4      | Killed a necrophage
  3578 | D:4      | Reached XP level 6. HP: 29/34 MP: 6/11
  3621 | D:4      | Noticed Ijyb
  3631 | D:4      | Noticed Natasha
  3654 | D:4      | Noticed Pikel
  4143 | D:4      | Killed Natasha
  4154 | D:4      | Noticed Natasha
  4161 | D:4      | Killed Natasha
  4224 | D:4      | Noticed Edmund
  4225 | D:4      | Reached skill level 5 in Earth Magic
  4261 | D:3      | Slain by Edmund

Illustrated notes

Levels and vault maps discovered:
D:1:      dpeg_arrival_rhombus, layout_basic
D:2:      cheibrodos_helix_gallery, layout_basic,
          nicolae_qazlal_scattered_showers, chequers_serial_rivers_micro_a
D:3:      gammafunk_wand_slinger, layout_basic, ashenzari_altar_1
D:4:      layout_rooms, uniq_ijyb, uniq_pikel, uniq_natasha, uniq_edmund

Skill      XL: |  1  2  3  4  5  6 |
---------------+-------------------+-----
Earth Magic    | 4 5 |  5.0
Armour         | 1 2 |  2.3
Short Blades   | 1 2 |  2.3
Spellcasting   | 3 |  3.6
Conjurations   | 1 2 |  2.1
Fighting       | 1 2 |  2.0
Dodging        | |  1.9
Stealth        | |  2.6
Transmutations | |  0.7

Action                   |  1- 3 |  4- 6 || total
-------------------------+-------+-------++-------
Melee: Dagger            |    61 |    91 ||   152
 Cast: Sandblast         |    37 |    35 ||    72
       Stone Arrow       |       |     2 ||     2
  Use: Potion            |       |     4 ||     4
 Stab: Sleeping          |       |     1 ||     1
Armor: Robe              |    15 |       ||    15
       Leather armour    |     6 |    44 ||    50
Dodge: Dodged            |    40 |    40 ||    80

Table legend: (Time is in decaauts)
 A = Elapsed time spent in this place.
 B = Non-inter-level travel time spent in this place.
 C = Inter-level travel time spent in this place.
 D = Time resting spent in this place.
 E = Time spent auto-exploring this place.
 F = Levels seen in this place.
 G = Mean time per level.
                   A        B        C        D        E       F      G
               +--------+--------+--------+--------+--------+-----+--------+
         Total |   4257 |   4221 |     36 |   1885 |   1292 |   4 | 1064.2 |
       Dungeon |   4257 |   4221 |     36 |   1885 |   1292 |   4 | 1064.2 |
               +--------+--------+--------+--------+--------+-----+--------+

Top non-repeatable levels by time:
     D:3: 1920 daAuts
     D:2: 1296 daAuts
     D:1: 779 daAuts
     D:4: 260 daAuts
